 Dungeon Crawl Stone Soup version 0.30-a0-4-ga7cffc901d (webtiles) character file.

Game seed: 3526539438597605933

12437 greenreed the Spear-Bearer (level 11, -4/81 HPs)
             Began as a Merfolk Ice Elementalist on Aug 21, 2022.
             Was an Elder of Nemelex Xobeh.
             Slain by a shadow (29 damage)
             ... on level 11 of the Dungeon.
             The game lasted 00:57:07 (14873 turns).

greenreed the Spear-Bearer (MfIE)                  Turns: 14873, Time: 00:57:08

Health: -4/81      AC:  6    Str: 10    XL:     11   Next: 93%
Magic:  21/21      EV: 14    Int: 18    God:    Nemelex Xobeh [****..]
Gold:   520        SH:  0    Dex: 14    Spells: 10/24 levels left

rFire   . . .      SeeInvis .    C - +2 halberd (flame)
rCold   + . .      Faith    .    (shield currently unavailable)
rNeg    . . .      Spirit   .    H - +2 leather armour {rPois}
rPois   +          Reflect  .    v - +0 helmet
rElec   .          Harm     .    (no cloak)
rCorr   .          Rampage  .    (no gloves)
Will    .....                    (no boots)
Stlth   +++.......               y - amulet of the acrobat
HPRegen 0.23/turn                M - ring of protection from fire
MPRegen 0.17/turn                K - ring of ice

@: no status effects
A: (nimble swimmer 2), mertail
a: Renounce Religion, Draw Escape, Draw Destruction, Draw Summoning, Triple
Draw, Deal Four


You were on level 11 of the Dungeon.
You worshipped Nemelex Xobeh.
Nemelex Xobeh was greatly pleased with you.
You visited 1 branch of the dungeon, and saw 11 of its levels.

You collected 617 gold pieces.
You spent 97 gold pieces at shops.

Inventory:

Hand Weapons
 e - a +0 short sword
 f - a +0 battleaxe
 h - a +2 short sword of flaming
 q - a +0 trident
 C - a +2 halberd of flaming (weapon)
 N - a +1 glaive of flaming
Missiles
 k - 40 poisoned darts (quivered)
 J - 3 curare-tipped darts
Armour
 a - a +0 robe
 r - a +0 buckler
 v - a +0 helmet (worn)
 H - a +2 leather armour of poison resistance (worn)
Jewellery
 s - a +6 ring of dexterity
 u - a ring of flight
 y - an amulet of the acrobat (around neck)
 K - a ring of ice (right hand)
 L - an amulet of guardian spirit
 M - a ring of protection from fire (left hand)
Wands
 G - a wand of polymorph (13)
 I - a wand of roots (8)
 P - a wand of digging (3)
Scrolls
 d - 3 scrolls of teleportation
 i - a scroll of enchant weapon {unknown}
 j - 5 scrolls of poison
 l - 2 scrolls of butterflies
 t - 3 scrolls of immolation {unknown}
 x - 3 scrolls of noise
 A - 2 scrolls of summoning
 B - 3 scrolls of fear
 D - 3 scrolls of amnesia
 F - 2 scrolls of magic mapping {unknown}
 Q - a scroll of brand weapon {unknown}
Potions
 b - 2 potions of magic
 c - 3 potions of attraction
 g - 2 potions of invisibility
 m - 6 potions of curing
 n - 2 potions of haste {unknown}
 o - a potion of might {unknown}
 p - 2 potions of mutation {unknown}
 w - 2 potions of degeneration {unknown}
 z - 4 potions of brilliance
 E - 3 potions of heal wounds
 O - 3 potions of lignification {unknown}


   Skills:
 + Level 5.9 Fighting
 + Level 10.4 Polearms
 - Level 1.0 Throwing
 + Level 2.6 Armour
 + Level 6.0 Dodging
 + Level 5.3 Stealth
 + Level 1.4 Shields
 + Level 7.1 Spellcasting
 + Level 1.6 Conjurations
 + Level 8.9 Ice Magic
 + Level 1.3 Air Magic
 + Level 5.4 Poison Magic
 * Level 8.6 Invocations


You had 10 spell levels left.
You knew the following spells:

 Your Spells              Type           Power      Damage    Failure   Level
a - Freeze                Ice            100%       1d11      1%          1
b - Frozen Ramparts       Ice            100%       1d16      1%          3
c - Ensorcelled Hibernat  Hex/Ice        66%        N/A       3%          2
d - Static Discharge      Conj/Air       11%        3-5/arc   12%         2
e - Mephitic Cloud        Conj/Pois/Air  16%        N/A       14%         3
f - Ozocubu's Armour      Ice            55%        N/A       1%          3

Your spell library contained the following spells:

 Spells                   Type           Power      Damage    Failure   Level
 Hailstorm                Conj/Ice       38%        3d9       16%         4
 Ignite Poison            Fire/Tmut/Pois 12%        N/A       21%         3
 Passwall                 Tmut/Erth      5%         N/A       22%         2
 Summon Ice Beast         Ice/Summ       33%        N/A       22%         4
 Swiftness                Air            11%        N/A       24%         3
 Call Canine Familiar     Summ           6%         N/A       38%         3
 Portal Projectile        Hex/Tloc       12%        N/A       38%         3
 Freezing Cloud           Conj/Ice/Air   15%        6-21      58%         5
 Leda's Liquefaction      Hex/Erth       3%         N/A       80%         4
 Lightning Bolt           Conj/Air       5%         1d17      91%         5
 Summon Mana Viper        Hex/Summ       6%         N/A       98%         5
 Monstrous Menagerie      Summ           3%         N/A       100%        7
 Borgnjor's Revivificati  Necr           3%         N/A       100%        8
 Maxwell's Capacitive Co  Air            5%         ∞         100%        8
 Necromutation            Tmut/Necr      3%         N/A       100%        8
 Death's Door             Necr           3%         N/A       100%        9


Dungeon Overview and Level Annotations

Branches:
Dungeon (11/15)            Temple (0/1) D:5            Lair (0/5) D:9
    Orc (0/2) D:9

Altars:
Ashenzari
Fedhas
Nemelex Xobeh
Okawaru
Yredelemnul
Zin

Shops:
D:4 *   D:9 **

Portals:
Trove: D:10 (give 6 potions of haste)


Innate Abilities, Weirdness & Mutations

((You are very nimble when in or above water. (Stealth+, EV+, Speed+++)))
Your lower body shifts to a powerful aquatic tail in water.


Message History

Something hits you but does no damage.
Deactivating autopickup; reactivate with Ctrl-A.
Press: ? - help, v - describe, . - travel The floor.
A shadow is nearby!
Unknown command.
A shadow is nearby!
A shadow is nearby!
A shadow is nearby!
Unknown command.
Unknown command.
Unknown command.
A shadow is nearby!
Unknown command.
Something closely misses you. Something hits you!
The shadow slips into darkness.
The shadow flickers and vanishes!
Something barely misses you. Something completely misses you.
Something completely misses you. x2
Something hits you! Something barely misses you. Something barely misses you.
Something misses you. Something closely misses you.
You closely miss something. Something closely misses you. Something hits you.
The shadow strikes at you from the darkness!
Reactivating autopickup.
Deactivating autopickup; reactivate with Ctrl-A.
You closely miss something. Something hits you. The shadow hits you.
The shadow slips into darkness.
The shadow flickers and vanishes!
Something closely misses you. Something closely misses you.
Something misses you. Something closely misses you. Something hits you.
* * * LOW HITPOINT WARNING * * *
Something closely misses you.
There is a stone staircase leading up here.
The shadow strikes at you from the darkness!
You die...
Your body disappears without a glow.

#.............#
#.............+
#.............#
#.............#
######.............#
#......#####.......#
#......# #.......#
#.....{# #.......#
#.....@# #.......#
#......# #.......#
######## #########


There were no monsters in sight!

Vanquished Creatures
  Snorg (D:10)
  2 two-headed ogres
  3 death yaks
  Pikel (D:5)
  Joseph (D:7)
  Psyche (D:8)
  A komodo dragon (D:10)
  An unseen horror (D:9)
  A wyvern (D:9)
  Grum (D:8)
  2 steam dragons
  17 yaks
  4 vampire mosquitoes (D:10)
  2 water moccasins
  A black bear (D:4)
  An ice beast (D:8)
  3 sky beasts
  An ogre (D:4)
  3 wolves (D:8)
  4 centaurs
  A phantom (D:6)
  4 kobold brigands
  2 elf zombies (D:4)
  An elf skeleton (D:4)
  4 bullfrogs
  6 necrophages
  4 wights (D:9)
  6 killer bees (D:10)
  4 howler monkeys
  2 jellies
  7 orc priests
  2 hounds
  2 iguanas
  Natasha (D:2)
  10 orc wizards
  3 gnolls (D:5)
  9 adders
  3 river rats (D:5)
  A shadow imp (D:5)
  A white imp (D:6)
  A worm (D:2)
  A dart slug (D:3)
  25 orcs
  9 endoplasms
  5 giant cockroaches
  4 goblins
  7 hobgoblins
  7 jackals
  24 kobolds
  2 quokkas
  7 ball pythons
  7 bats
  3 frilled lizards (D:2)
  3 orc skeletons (D:4)
  9 rats
238 creatures vanquished.

Vanquished Creatures (others)
  63 plants (D:5)
63 creatures vanquished.

Grand Total: 301 creatures vanquished

Notes
Turn   | Place    | Note
-------+----------+-------------------------------------------
     0 | D:1      | greenreed the Merfolk Ice Elementalist began the quest for
                  | the Orb.
     0 | D:1      | Reached XP level 1. HP: 13/13 MP: 3/3
   242 | D:1      | Reached XP level 2. HP: 19/19 MP: 0/5
   546 | D:1      | Reached skill level 5 in Ice Magic
   895 | D:1      | Reached XP level 3. HP: 22/24 MP: 3/6
  1167 | D:2      | Learned a level 3 spell: Frozen Ramparts
  1404 | D:2      | Found a blossoming altar of Fedhas.
  1446 | D:2      | Noticed Natasha
  1453 | D:2      | Killed Natasha
  1454 | D:2      | Reached XP level 4. HP: 27/30 MP: 1/8
  1898 | D:2      | Learned a level 2 spell: Ensorcelled Hibernation
  2097 | D:2      | Found a faded altar of an unknown god.
  2424 | D:2      | Learned a level 2 spell: Static Discharge
  2654 | D:3      | Reached XP level 5. HP: 25/35 MP: 5/9
  3215 | D:3      | Found a faded altar of an unknown god.
  3215 | D:3      | Found a glowing silver altar of Zin.
  3222 | D:3      | Found a broken altar of Ashenzari.
  3224 | D:3      | Found an iron altar of Okawaru.
  3226 | D:3      | Found a sparkling altar of Nemelex Xobeh.
  3230 | D:3      | Became a worshipper of Nemelex Xobeh the Trickster
  3678 | D:4      | Found Xoru's Assorted Antiques.
  3689 | D:4      | Reached skill level 1 in Polearms
  4022 | D:4      | Reached XP level 6. HP: 28/42 MP: 5/10
  4027 | D:4      | Reached skill level 1 in Invocations
  4283 | D:4      | Noticed a black bear
  4324 | D:4      | Reached skill level 2 in Polearms
  4616 | D:4      | Reached skill level 1 in Fighting
  4760 | D:4      | Reached skill level 3 in Polearms
  4760 | D:4      | Reached XP level 7. HP: 23/48 MP: 12/12
  4936 | D:4      | Reached skill level 4 in Polearms
  5786 | D:5      | Entered Level 5 of the Dungeon
  5873 | D:5      | Noticed Pikel
  5887 | D:5      | Killed Pikel
  5888 | D:5      | Reached skill level 5 in Polearms
  5888 | D:5      | Reached skill level 1 in Shields
  5888 | D:5      | Reached XP level 8. HP: 29/56 MP: 4/14
  6636 | D:5      | Reached * piety under Nemelex Xobeh
  6649 | D:5      | Found a staircase to the Ecumenical Temple.
  6675 | D:5      | Found a basalt altar of Yredelemnul.
  6803 | D:5      | Received a gift from Nemelex Xobeh
  7068 | D:5      | Reached XP level 9. HP: 54/61 MP: 13/16
  7490 | D:6      | Reached skill level 5 in Spellcasting
  7590 | D:6      | Reached skill level 6 in Polearms
  7986 | D:6      | Reached skill level 5 in Invocations
  8110 | D:6      | Reached skill level 7 in Polearms
  8517 | D:6      | Learned a level 3 spell: Mephitic Cloud
  8620 | D:7      | Reached ** piety under Nemelex Xobeh
  8621 | D:7      | Noticed a two-headed ogre
  8700 | D:7      | Received a gift from Nemelex Xobeh
  8779 | D:7      | Killed a two-headed ogre
  8780 | D:7      | Reached skill level 8 in Polearms
  9245 | D:7      | Noticed Joseph
  9261 | D:7      | Killed Joseph
  9262 | D:7      | Reached skill level 5 in Dodging
  9262 | D:7      | Reached XP level 10. HP: 36/73 MP: 4/18
  9468 | D:7      | Received a gift from Nemelex Xobeh
  9632 | D:8      | Reached *** piety under Nemelex Xobeh
  9649 | D:8      | Noticed Grum
  9656 | D:8      | Killed Grum
  9823 | D:8      | Noticed Psyche
  9834 | D:8      | Killed Psyche
 10106 | D:8      | Reached skill level 1 in Armour
 10249 | D:8      | Reached skill level 9 in Polearms
 10792 | D:9      | Noticed a death yak
 10927 | D:9      | Found Koniw's Assorted Antiques.
 10927 | D:9      | Found Devvuan's General Store.
 10929 | D:9      | Received a gift from Nemelex Xobeh
 10930 | D:9      | Bought a scroll of identify for 22 gold pieces
 10939 | D:9      | Bought a scroll labelled TOJACI WUDOAG for 25 gold pieces
 10939 | D:9      | Bought a scroll labelled SIMASI OXZOEDDI for 25 gold pieces
 10939 | D:9      | Bought a scroll labelled GAIREN DIBLINE for 25 gold pieces
 10959 | D:9      | Identified the +3 long sword of the Reaper {vamp, +Blink
                  | rF+ Str-2}
 10991 | D:9      | Learned a level 3 spell: Ozocubu's Armour
 11189 | D:9      | Killed an unseen horror
 11340 | D:9      | Found a staircase to the Orcish Mines.
 11484 | D:9      | Noticed a death yak
 11492 | D:8      | Reached skill level 5 in Fighting
 11495 | D:8      | Reached XP level 11. HP: 51/79 MP: 17/20
 12057 | D:9      | Found a staircase to the Lair.
 12238 | D:9      | Noticed a death yak
 12268 | D:8      | Killed a death yak
 12269 | D:8      | Reached skill level 10 in Polearms
 12269 | D:8      | Reached skill level 5 in Stealth
 12619 | D:8      | Reached skill level 5 in Poison Magic
 13021 | D:8      | Killed a death yak
 13022 | D:8      | Reached skill level 1 in Conjurations
 13357 | D:9      | Received a gift from Nemelex Xobeh
 13417 | D:9      | Noticed a two-headed ogre
 13421 | D:9      | Killed a two-headed ogre
 13422 | D:9      | Reached skill level 1 in Air Magic
 13492 | D:9      | Killed a death yak
 13493 | D:9      | Reached skill level 1 in Throwing
 13702 | D:10     | Entered Level 10 of the Dungeon
 13784 | D:10     | Reached **** piety under Nemelex Xobeh
 13868 | D:10     | Noticed Snorg
 13923 | D:10     | Killed Snorg
 14686 | D:10     | Found a portal to a secret trove of treasure.
 14873 | D:11     | Slain by a shadow

Illustrated notes

Levels and vault maps discovered:
D:1:      roderic_chinese_lattice_arrival, layout_loops_ring, fountainhead,
          glass_columns_c
D:2:      layout_loops_corners, basic_ecumenical_altar, basic_altar,
          uniq_natasha
D:3:      layout_basic, chequers_temple_overflow_minitemple,
          grunt_ministairs_13, st_stairs_12, minmay_misc_feat_alley,
          corexii_hall_statues_l
D:4:      layout_loops_cross, serial_shops, nicolae_shop_advertising_works
          [nicolae_subvault_shop_adworks], nicolae_ossuary_entry_catacombs
D:5:      wad_woods_settlement, layout_cave_pools,
          mainiacjoe_overflow_tiny_flanked, temple_fountains, uniq_pikel
D:6:      layout_loops_ring
D:7:      layout_cave_pools, feat_on_display, uniq_joseph
D:8:      layout_basic, kennysheep_decorative_pillar, uniq_grum, uniq_psyche
D:9:      layout_grid_maze, dpeg_lair_monsters, orc_0_dummy, serial_shops, shop,
          nicolae_stop_n_shop_1
D:10:     layout_long_grid, nicolae_trove_entry_isolated,
          minmay_misc_feat_pillars, uniq_snorg
D:11:     layout_gridville

Skill      XL: |  1  2  3  4  5  6  7  8  9 10 11 |
---------------+----------------------------------+-----
Ice Magic      | 5 6 7 8 |  8.9
Dodging        | 3 4 5 6 |  6.0
Spellcasting   | 3 4 5 6 7 |  7.1
Polearms       | 1 3 5 8 9 10 | 10.4
Invocations    | 2 3 4 6 7 8 |  8.6
Stealth        | 3 4 5 |  5.3
Fighting       | 1 2 3 4 5 |  5.9
Shields        | 1 |  1.4
Poison Magic   | 2 4 5 |  5.4
Armour         | 2 |  2.6
Conjurations   | 1 |  1.6
Air Magic      | 1 |  1.3
Throwing       | 1 |  1.0

Action                   |  1- 3 |  4- 6 |  7- 9 | 10-12 || total
-------------------------+-------+-------+-------+-------++-------
Melee: Short sword       |     6 |       |       |       ||     6
       Trident           |       |   147 |   100 |       ||   247
       Halberd           |       |       |    80 |   207 ||   287
Throw: Dart              |       |       |       |    11 ||    11
 Cast: Freeze            |    45 |    32 |    48 |       ||   125
       Frozen Ramparts   |     1 |     7 |    13 |    21 ||    42
       Mephitic Cloud    |       |       |     5 |    16 ||    21
       Ozocubu's Armour  |       |       |       |     9 ||     9
Invok: Draw Destruction  |       |       |     7 |     6 ||    13
Evoke: Wand              |       |       |     1 |       ||     1
  Use: Scroll            |       |       |     7 |     4 ||    11
 Stab: Sleeping          |       |    11 |     6 |     1 ||    18
       Distracted        |       |       |     5 |     1 ||     6
       Confused          |       |       |     1 |     3 ||     4
Armor: Robe              |    10 |    19 |    19 |       ||    48
       Leather armour    |       |       |     7 |    39 ||    46
Dodge: Dodged            |    23 |    81 |    91 |   128 ||   323
Block: Buckler           |       |    18 |    25 |       ||    43

Table legend: (Time is in decaauts)
 A = Elapsed time spent in this place.
 B = Non-inter-level travel time spent in this place.
 C = Inter-level travel time spent in this place.
 D = Time resting spent in this place.
 E = Time spent auto-exploring this place.
 F = Levels seen in this place.
 G = Mean time per level.
                   A        B        C        D        E       F      G
               +--------+--------+--------+--------+--------+-----+--------+
         Total |  14938 |  14368 |    570 |   1406 |  10629 |  11 | 1358.0 |
       Dungeon |  14938 |  14368 |    570 |   1406 |  10629 |  11 | 1358.0 |
               +--------+--------+--------+--------+--------+-----+--------+

Top non-repeatable levels by time:
     D:4: 2764 daAuts
     D:8: 2383 daAuts
     D:9: 1697 daAuts
     D:2: 1352 daAuts
     D:3: 1193 daAuts
    D:10: 1135 daAuts
     D:1: 1130 daAuts
     D:6: 1097 daAuts
     D:7: 1095 daAuts
     D:5: 1055 daAuts
    D:11: 32 daAuts
